AoeStats
← Taylor

QS Arena

503249190Analyzed
4v4 RM · 1mo ago on Aug 30, 2026· 52m 53s· 8 players
Game mode
Random Map
Map size
Large (8 player)
Population
200
Speed
Normal
Resources
Standard
Victory
Conquest
Starting age
Dark Age
Ending age
Imperial Age
RankedLock teamsTeams togetherTeam positionsShared explorationLock speedFull tech treeHidden civsTurbo modeCheats
Victory
Defeat
🇺🇸 Chinese · United States
978
+14
🇵🇹 Vikings · Portugal
949
+15
🇲🇽 Spanish · Mexico
923
+16
🇧🇷 Lithuanians · Brazil
845
+20
🇺🇸 Portuguese · United States
964
-18
🇺🇸 Teutons · United States
934
-17
🇨🇱 Poles · Chile
921
-16
🇬🇧 Byzantines · United Kingdom
899
-15
Peacemaker2000
9:05 Feudal Age
9:56 Double-Bit Axe
11:24 Horse Collar
16:07 Castle Age
15:35 Fletching
18:01 Squires
18:14 Heavy Plow
19:57 Gold Mining
27:22 Imperial Age
27:08 Arson
28:47 Wheelbarrow
30:33 Hand Cart
31:22 Conscription
33:08 Stone Mining
35:18 Bow Saw
35:40 Elite Teutonic Knight
36:59 Scale Mail Armor
37:10 Forging
37:55 Town Watch
38:37 Chain Mail Armor
38:58 Iron Casting
39:40 Gambesons
40:52 Bloodlines
40:03 Cavalier
42:18 Paladin
44:06 Crop Rotation
45:20 Scale Barding Armor
50:51 Man-at-Arms
dajaegbu
3:42 Loom
9:40 Feudal Age
10:28 Double-Bit Axe
10:57 Horse Collar
12:00 Wheelbarrow
15:34 Castle Age
17:29 Bow Saw
21:54 Scale Barding Armor
27:11 Imperial Age
26:00 Hand Cart
26:06 Bloodlines
26:01 Pikeman
28:35 Scale Mail Armor
30:02 Forging
30:07 Chain Mail Armor
32:54 Conscription
32:48 Elite Organ Gun
33:11 Halberdier
40:45 Two-Man Saw
41:21 Plate Mail Armor
41:27 Iron Casting
Benjamin
9:15 Feudal Age
14:30 Castle Age
12:36 Double-Bit Axe
12:54 Horse Collar
18:30 Wheelbarrow
18:40 Loom
19:59 Bow Saw
22:35 Padded Archer Armor
23:49 Leather Archer Armor
23:59 Pikeman
24:31 Elite Skirmisher
24:32 Crossbowman
25:36 Fortified Wall
27:01 Thumb Ring
28:17 Ballistics
32:39 Imperial Age
30:27 Hand Cart
30:43 Treadmill Crane
31:21 Fletching
31:42 Forging
33:29 Husbandry
33:38 Scale Barding Armor
35:38 Chemistry
36:44 Iron Casting
36:30 Chain Barding Armor
38:34 Bombard Tower
38:29 Guard Tower
42:14 Plate Barding Armor
41:54 Arrowslits
43:15 Murder Holes
43:58 Keep
Battousai_Mc
8:44 Feudal Age
12:48 Castle Age
12:13 Double-Bit Axe
17:11 Loom
18:23 Horse Collar
20:53 Fletching
31:34 Fortified Wall
31:34 Gold Mining
Taylor
9:07 Feudal Age
18:12 Castle Age
16:52 Horse Collar
16:51 Man-at-Arms
17:41 Fletching
19:59 Wheelbarrow
20:18 Long Swordsman
21:01 Squires
20:51 Arson
21:19 Forging
21:30 Heavy Plow
23:13 Double-Bit Axe
27:53 Masonry
28:06 Ballistics
52:38 Bow Saw
Larry Canionga
8:46 Feudal Age
13:01 Castle Age
12:42 Horse Collar
12:50 Double-Bit Axe
19:59 Wheelbarrow
26:05 Hand Cart
26:43 Hand Cart
27:08 Stone Mining
27:09 Gold Mining
30:43 Heavy Plow
34:06 Bow Saw
38:05 Imperial Age
38:12 Stone Shaft Mining
37:42 Husbandry
37:52 Bloodlines
37:03 Light Cavalry
37:55 Scale Barding Armor
37:51 Scale Mail Armor
38:02 Forging
37:43 Fletching
37:54 Padded Archer Armor
37:50 Loom
37:51 Town Watch
38:11 Cavalier
40:14 Chemistry
39:34 Ballistics
39:49 Town Patrol
40:53 Two-Man Saw
40:32 Chain Barding Armor
40:28 Chain Mail Armor
40:48 Iron Casting
40:36 Paladin
40:51 Pikeman
41:31 Squires
41:58 Conscription
43:31 Halberdier
Bukowski
1:47 Loom
8:22 Feudal Age
12:42 Castle Age
10:55 Double-Bit Axe
10:53 Horse Collar
13:33 Bow Saw
15:15 Heavy Plow
19:24 Stone Mining
27:31 Imperial Age
24:46 Town Watch
25:44 Gold Mining
26:51 Forging
26:42 Scale Mail Armor
27:37 Gold Shaft Mining
27:53 Gambesons
28:08 Squires
27:54 Arson
28:16 Chieftains
28:37 Conscription
28:26 Capped Ram
28:52 Elite Berserk
30:07 Chain Mail Armor
30:31 Iron Casting
31:50 Treadmill Crane
34:45 Plate Mail Armor
35:16 Blast Furnace
39:15 Siege Engineers
38:37 Siege Ram
44:00 Ballistics
44:40 Chemistry
43:55 Fortified Wall
creed
0:35 Loom
11:02 Feudal Age
16:11 Castle Age
17:03 Bloodlines
17:06 Forging
17:49 Scale Barding Armor
18:57 Double-Bit Axe
22:49 Wheelbarrow
22:43 Town Watch
24:22 Horse Collar
24:20 Pikeman
26:23 Scale Barding Armor
27:03 Hand Cart
27:55 Stone Mining
28:28 Husbandry
30:25 Chain Barding Armor
30:32 Gold Mining
35:38 Imperial Age
34:16 Bow Saw
36:41 Iron Casting
35:58 Fletching
36:10 Elite Leitis
38:36 Hoardings
38:21 Masonry
39:33 Plate Barding Armor
39:48 Architecture
40:04 Conscription
40:37 Ballistics
40:28 Scale Mail Armor
40:30 Padded Archer Armor
40:27 Bodkin Arrow
46:09 Bracer
46:50 Elite Skirmisher
47:49 Leather Archer Armor
49:58 Ring Archer Armor
Connection lost

Rejoining the realm…

Still unreachable

The connection could not be restored.

Session expired

The server has moved on; the page needs a fresh start.